 Dungeon Crawl Stone Soup version 0.19-a0-1019-g9c6a58d (webtiles) character file.

4506 Deemzul the Nimble (level 10, -3/71 HPs)
             Began as an Octopode Monk on July 25, 2016.
             Was an Elder of Dithmenos.
             Slain by a killer bee (6 damage)
             ... on level 9 of the Dungeon.
             The game lasted 00:13:56 (9726 turns).

Deemzul the Nimble (Octopode Monk)                  Turns: 9726, Time: 00:13:56

Health: -3/71      AC:  3    Str: 10    XL:     10   Next: 39%
Magic:  10/10      EV: 14    Int: 14    God:    Dithmenos [****..]
Gold:   502        SH:  6    Dex: 17    Spells: 0 memorised, 9 levels left

rFire  + . .     SeeInvis .     a - +0 falchion
rCold  . . .     Gourm    +     M - +2 buckler
rNeg   . . .     Faith    .     (helmet restricted)
rPois  .         Spirit   .     r - amulet of the gourmand
rElec  .         Dismiss  .     F - ring of sustain attributes
rCorr  .         Reflect  .     D - ring of protection from fire
SustAt +         Harm     .     (no ring)
MR     .....                    (no ring)
Stlth  +++++.....               (no ring)
                                (no ring)
                                (no ring)
                                (no ring)

@: lethally poisoned (-3 -> -12), wreathed by umbra, not resistant to hostile
enchantments, quite stealthy
A: almost no armour, amphibious, 8 rings, constrict 8, slimy green scales 1,
camouflage 1, gelatinous body 1
a: Shadow Step, Renounce Religion


You were on level 9 of the Dungeon.
You worshipped Dithmenos.
Dithmenos was greatly pleased with you.
You were not hungry.

You visited 1 branch of the dungeon, and saw 10 of its levels.

You collected 502 gold pieces.

Inventory:

Hand Weapons
 a - a +0 falchion (weapon)
Armour
 M - a +2 buckler (worn)
Jewellery
 d - an uncursed amulet of rage
 n - an uncursed amulet of harm
 r - an amulet of the gourmand (around mantle)
 w - an uncursed ring of teleportation
 D - a ring of protection from fire (right tentacle)
 F - a ring of sustain attributes (left tentacle)
 L - an uncursed ring of see invisible {unknown}
Wands
 l - a wand of acid (5/15)
 I - a wand of iceblast (2/15)
Scrolls
 c - 4 scrolls of noise {unknown}
 e - 2 scrolls of amnesia {unknown}
 m - a scroll of random uselessness {unknown}
 p - 5 scrolls of identify {unknown}
 q - 3 scrolls of fog {unknown}
 s - a scroll of fear {unknown}
 u - a scroll of silence {unknown}
 v - 3 scrolls of remove curse
 x - a scroll of magic mapping
 y - a scroll of teleportation
 H - 2 scrolls of blinking {unknown}
Potions
 f - 5 potions of curing {unknown}
 h - 5 potions of lignification
 o - 3 potions of flight
 z - 2 potions of heal wounds
 C - a potion of mutation {unknown}
 G - 2 potions of agility
Books
 t - a book of Dreams

   Spells                             Type                      Level
   a - Ensorcelled Hibernation        Hexes/Ice                    2
   b - Silence                        Hexes/Air                    5
   c - Darkness                       Hexes                        6
   d - Shadow Creatures               Summoning                    6
 A - a book of the Sky

   Spells                             Type                      Level
   a - Summon Lightning Spire         Summoning/Air                4
   b - Airstrike                      Air                          4
   c - Silence                        Hexes/Air                    5
   d - Deflect Missiles               Charms/Air                   6
   e - Conjure Ball Lightning         Conjuration/Air              6
   f - Tornado                        Air                          9
 E - a book of Party Tricks

   Spells                             Type                      Level
   a - Summon Butterflies             Summoning                    1
   b - Apportation                    Translocation                1
   c - Tukima's Dance                 Hexes                        3
   d - Alistair's Intoxication        Transmutation/Poison         5
   e - Invisibility                   Hexes                        6
Comestibles
 b - 6 bread rations
 g - 4 meat rations
 i - a royal jelly
 j - 4 fruits
 k - 6 beef jerkies
 B - 3 slices of pizza


   Skills:
 + Level 7.3 Fighting
 * Level 9.8 Long Blades
 * Level 10.0 Dodging
 - Level 3.0 Stealth


You had 9 spell levels left.
You didn't know any spells.

Dungeon Overview and Level Annotations

Branches:
Dungeon (10/15)            Temple (0/1) D:7            Lair (0/6) D:8
    Orc: D:9-12

Altars:
Dithmenos


Innate Abilities, Weirdness & Mutations

You cannot wear most types of armour.
You are amphibious.
You can wear up to eight rings at the same time.
You can use your tentacles to constrict eight enemies at once.
Your skin changes colour to match your surroundings (Stealth+).
Your rubbery body absorbs attacks. (AC +1)
You are partially covered in slimy green scales. (AC +2)


Message History

Something misses you.
A killer bee comes into view.
Something hits you but does no damage.
The killer bee moves out of view.
The killer bee closely misses you. The killer bee closely misses you.
You riposte.
You hit the killer bee but do no damage.
Your grab misses the killer bee. Something hits you.
* * * LOW HITPOINT WARNING * * *
Something barely misses you. You block the killer bee's attack.
There is a stone staircase leading up here.
The killer bee stings you.
* * * LOW HITPOINT WARNING * * *
You are poisoned.
The killer bee poisons you! The killer bee stings you.
* * * LOW HITPOINT WARNING * * *
Something completely misses you. The killer bee stings you!
* * * LOW HITPOINT WARNING * * *
You are more poisoned.
The killer bee poisons you! The killer bee stings you.
You die...

#..#.....[y.....%...
.........y#.#y####..... .
........###.#....#....# #.#
..#####....)..........## ...#
.<..#
#####.#o##.#.....#####.....
.##.........#.#
..........>...... .#
#######..yo####....##.....#...
.# #........y.........###.....
.. #.........@...............Z
## #........y##...............
#.........#####..####......
#../......# #..# #.$...
#####?..#.. .....# .Z...
#......###...#... ...
..#..####......... ## ....
#......$.... .............


You could see 3 killer bees and an orc priest.

Vanquished Creatures
  The ghost of Yanussar the Skirmisher, a novice FoAK of Lugonu (D:8)
  Pikel (D:7)
  A hill giant (D:10)
  A wyvern (D:8)
  A hungry ghost (D:10)
  An ice beast (D:10)
  A phantom (D:7)
  3 ogres
  2 slaves
  A necrophage (D:7)
  A sky beast (D:7)
  A centaur (D:8)
  3 giant frogs (D:6)
  A gnoll sergeant (D:8)
  3 scorpions
  A howler monkey (D:5)
  3 crimson imps
  5 hounds
  3 giant frog skeletons
  2 orc priests (D:3)
  4 centaur skeletons
  3 jellies
  5 orc wizards
  5 iguanas
  6 worker ants
  A hound skeleton (D:4)
  2 worker ant zombies
  9 gnolls
  8 adders
  A shadow imp (D:7)
  2 oozes (D:3)
  3 adder zombies (D:5)
  5 worms
  4 dart slugs
  5 giant geckos
  30 orcs
  9 bats
  10 giant cockroaches
  18 goblins
  14 hobgoblins
  11 jackals
  4 quokkas
  A giant gecko skeleton (D:5)
  6 giant newts
  A jackal zombie (D:7)
  14 kobolds
  14 rats
231 creatures vanquished.

Vanquished Creatures (others)
  A centaur (D:7)
  A gnoll (D:7)
  An orc (D:7)
  A goblin (D:7)
  A kobold (D:7)
  A plant (D:7)
6 creatures vanquished.

Grand Total: 237 creatures vanquished

Notes
Turn   | Place    | Note
-------+----------+-------------------------------------------
     0 | D:1      | Deemzul the Octopode Monk began the quest for the Orb.
     0 | D:1      | Reached XP level 1. HP: 16/16 MP: 1/1
   100 | D:1      | Reached XP level 2. HP: 21/21 MP: 2/2
   458 | D:1      | Reached XP level 3. HP: 25/26 MP: 3/3
  1135 | D:2      | Reached XP level 4. HP: 11/31 MP: 4/4
  1384 | D:2      | Found a shadowy altar of Dithmenos.
  1395 | D:2      | Became a worshipper of Dithmenos the Shadowed
  1395 | D:2      | Reached * piety under Dithmenos
  1395 | D:2      | Reached ** piety under Dithmenos
  2015 | D:3      | Reached skill level 4 in Dodging
  2015 | D:3      | Reached XP level 5. HP: 36/36 MP: 5/5
  2018 | D:3      | Found a faded altar of an unknown god.
  2047 | D:3      | You fall through a shaft for 2 floors!
  2047 | D:5      | Entered Level 5 of the Dungeon
  2596 | D:4      | Reached XP level 6. HP: 36/43 MP: 6/6
  2843 | D:4      | Reached skill level 5 in Long Blades
  3049 | D:4      | Reached skill level 5 in Dodging
  3594 | D:3      | Reached *** piety under Dithmenos
  3606 | D:3      | Reached XP level 7. HP: 48/48 MP: 7/7
  4375 | D:5      | Reached skill level 6 in Dodging
  4438 | D:5      | Gained mutation: You are partially covered in slimy green scales. (AC +2) [potion of beneficial mutation]
  5091 | D:6      | Reached XP level 8. HP: 54/54 MP: 8/8
  5101 | D:6      | Reached skill level 5 in Fighting
  5751 | D:7      | Reached skill level 7 in Dodging
  5845 | D:7      | Noticed Pikel
  6145 | D:7      | Reached **** piety under Dithmenos
  6575 | D:7      | Killed Pikel
  6575 | D:7      | Reached skill level 8 in Dodging
  6575 | D:7      | Reached XP level 9. HP: 24/62 MP: 9/9
  6986 | D:7      | Found a staircase to the Ecumenical Temple.
  7685 | D:8      | Noticed Yanussar's ghost (novice FoAK)
  7786 | D:8      | Killed Yanussar's ghost
  7786 | D:8      | Reached skill level 9 in Dodging
  7797 | D:8      | Found a staircase to the Lair.
  8376 | D:8      | Reached XP level 10. HP: 27/69 MP: 10/10
  9077 | D:10     | Entered Level 10 of the Dungeon
  9398 | D:10     | Noticed a hill giant
  9465 | D:10     | Killed a hill giant
  9515 | D:10     | Reached skill level 10 in Dodging
  9726 | D:9      | HP: 3/71 [killer bee (8)]
  9726 | D:9      | Slain by a killer bee

Vault maps used:
D:1:      onia_arrival_mini_maze_b
D:2:      lemuel_crystal_altar
D:3:      first_bread, ecumenical_altar_1
D:6:      small_statue_intersection
D:7:      corexii_shantytown, uniq_pikel
D:8:      dpeg_oklobed_lair
D:9:      orc_0_dummy

Skill      XL: |  1  2  3  4  5  6  7  8  9 10 |
---------------+-------------------------------+-----
Stealth        | 3 |  3.0
Long Blades    | 4 5 6 8 9 |  9.8
Dodging        | 4 5 6 8 9 10 | 10.0
Fighting       | 4 6 7 |  7.3

Action                   |  1- 3 |  4- 6 |  7- 9 | 10-12 || total
-------------------------+-------+-------+-------+-------++-------
Melee: Falchion          |    64 |   192 |   480 |    97 ||   833
       Constrict         |    17 |    45 |    64 |    14 ||   140
       Tentacles         |    14 |    31 |   106 |    22 ||   173
  Use: Potion            |       |       |    10 |     3 ||    13
       Scroll            |       |       |     3 |       ||     3
 Stab: Sleeping          |    13 |    26 |    13 |     4 ||    56
       Distracted        |     1 |     1 |     3 |     2 ||     7
  Eat: Chunk             |     1 |    18 |    13 |     3 ||    35
Armor: Skin              |       |     4 |    36 |     6 ||    46
Dodge: Dodged            |    20 |   102 |   219 |    53 ||   394
Block: Buckler           |       |       |    21 |    20 ||    41
